 Dungeon Crawl Stone Soup version 0.30-a0-390-g80c34de65d (webtiles) character file.

Game seed: 9105855972831402923

49831 Armakuni the Nimble (level 14, -2/104 (111) HPs)
             Began as a Gnoll Gladiator on Dec 3, 2022.
             Was an Initiate of Gozag.
             Killed by divine providence
             ... invoked by an orc high priest
              (13 damage)
             ... on level 2 of the Orcish Mines on Dec 4, 2022.
             The game lasted 00:50:07 (16957 turns).

Armakuni the Nimble (Gnoll Gladiator)              Turns: 16957, Time: 00:50:08

HP:   -2/104 (111)  AC: 19    Str: 21    XL:     14   Next: 52%
MP:   27/27         EV: 12    Int:  2    God:    Gozag
Gold: 4072          SH:  0    Dex: 14    Spells: 31/32 levels left

rFire   + . .      SeeInvis +    a - +2 lajatang (venom)
rCold   + . .      Faith    .    (shield currently unavailable)
rNeg    . . .      Spirit   .    n - +1 chain mail {rPois}
rPois   +          Reflect  .    c - +1 helmet
rElec   .          Harm     .    g - +2 cloak
rCorr   .          Rampage  .    l - +0 pair of gloves
Will    +++..                    (no boots)
Stlth   +.........               R - amulet "Vumi" {rPois Will+ Regen+ Str+2 Int-5}
HPRegen 1.17/turn                W - ring "Keuffe" {rF+ rC+ Will+}
MPRegen 0.20/turn                N - ring of see invisible

@: drained
A: fangs 1, strong nose, distributed training
a: Renounce Religion, Potion Petition, Call Merchant, Bribe Branch


You were on level 2 of the Orcish Mines.
You worshipped Gozag.
Gozag was most pleased with you.
You visited 4 branches of the dungeon, and saw 19 of its levels.

You collected 6183 gold pieces.
You spent 1354 gold pieces at shops.
You paid 757 gold pieces to Gozag.

Inventory:

Hand Weapons
 a - a +2 lajatang of venom (weapon)
 b - a +0 broad axe of venom
Missiles
 d - 8 boomerangs (quivered)
 e - 5 javelins
 f - 2 curare-tipped darts
Armour
 c - a +1 helmet (worn)
 g - a +2 cloak (worn)
 l - a +0 pair of gloves (worn)
 n - a +1 chain mail of poison resistance (worn)
Jewellery
 E - a ring of flight
 I - a +6 ring of intelligence
 N - a ring of see invisible (right hand)
 R - the amulet "Vumi" (around neck) {rPois Will+ Regen+ Str+2 Int-5}
   (You acquired it on level 1 of the Lair of Beasts)

   [amulet of regeneration]

   Str:       It affects your strength (+2).
   Int:       It affects your intelligence (-5).
   rPois:     It protects you from poison.
   Regen:     It increases your rate of health regeneration.
   Will:      It increases your willpower.
 W - the ring "Keuffe" (left hand) {rF+ rC+ Will+}
   (You bought it in a shop on level 4 of the Dungeon)

   [ring of protection from cold]

   rF:        It protects you from fire.
   rC:        It protects you from cold.
   Will:      It increases your willpower.
Wands
 h - a wand of acid (12)
 m - a wand of mindburst (3)
 r - a wand of roots (17)
 t - a wand of polymorph (6)
 v - a wand of flame (39)
Scrolls
 o - 3 scrolls of teleportation
 q - 4 scrolls of fog
 s - 5 scrolls of noise
 w - a scroll of amnesia
 x - a scroll of magic mapping
 z - 3 scrolls of immolation
 B - a scroll of vulnerability
 D - 3 scrolls of enchant armour
 M - 2 scrolls of poison
Potions
 i - 4 potions of might
 u - 3 potions of ambrosia
 y - 2 potions of haste
 A - a potion of resistance
 C - 2 potions of flight
 G - 3 potions of brilliance
 H - 7 potions of curing
 J - a potion of cancellation
 L - a potion of invisibility
Miscellaneous
 p - a box of beasts
 O - a phantom mirror


   Skills:
 + Level 10.7 Fighting
 + Level 9.6 Short Blades
 + Level 9.6 Long Blades
 + Level 9.6 Axes
 + Level 9.6 Maces & Flails
 + Level 9.6 Polearms
 + Level 11.6 Staves
 + Level 9.6 Ranged Weapons
 + Level 10.7 Throwing
 + Level 9.6 Armour
 + Level 11.6 Dodging
 + Level 9.6 Stealth
 + Level 9.6 Shields
 + Level 9.6 Unarmed Combat
 + Level 9.6 Spellcasting
 + Level 8.0 Conjurations
 + Level 8.0 Hexes
 + Level 8.0 Summonings
 + Level 8.0 Necromancy
 + Level 8.0 Translocations
 + Level 8.0 Transmutations
 + Level 8.0 Fire Magic
 + Level 8.0 Ice Magic
 + Level 8.0 Air Magic
 + Level 8.0 Earth Magic
 + Level 8.0 Poison Magic
 + Level 10.5 Invocations
 + Level 9.6 Evocations


You had 31 spell levels left.
You knew the following spells:

 Your Spells              Type           Power      Damage    Failure   Level
s - Slow                  Hex            16%        N/A       6%          1

Your spell library contained the following spells:

 Spells                   Type           Power      Damage    Failure   Level
 Necrotise                Necr           16%        1d4       6%          1
 Blink                    Tloc           8%         N/A       9%          2
 Cigotuvi's Dreadful Rot  Necr/Pois/Air  8%         N/A       9%          2
 Poisonous Vapours        Pois/Air       8%         N/A       9%          2
 Confusing Touch          Hex            4%         N/A       19%         3
 Frozen Ramparts          Ice            8%         1d2       19%         3
 Inner Flame              Hex/Fire       4%         N/A       19%         3
 Kindle Blastsparks       Fire/Tloc/Air  8%         2d10      19%         3
 Mephitic Cloud           Conj/Pois/Air  4%         N/A       19%         3
 Vampiric Draining        Necr           4%         2d6       19%         3
 Flame Wave               Conj/Fire      4%         2d5       52%         4
 Fulminant Prism          Conj/Hex       2%         3d5       52%         4
 Ice Form                 Ice/Tmut       4%         N/A       52%         4
 Iskenderun's Mystic Bla  Conj/Tloc      4%         2d3       52%         4
 Manifold Assault         Tloc           4%         N/A       52%         4
 Sticky Flame             Conj/Fire      4%         2d3       52%         4
 Summon Ice Beast         Ice/Summ       4%         N/A       52%         4
 Agony                    Necr           4%         N/A       86%         5
 Borgnjor's Vile Clutch   Necr/Erth      2%         N/A       86%         5
 Lee's Rapid Deconstruct  Erth           2%         3d4*      86%         5
 Death Channel            Necr           2%         N/A       100%        6
 Storm Form               Tmut/Air       2%         N/A       100%        7
 Animate Dead             Necr           Unusable   N/A       N/A         4

Dungeon Overview and Level Annotations

Branches:
Dungeon (11/15)            Temple (1/1) D:4            Lair (5/5) D:10
 Shoals (0/4) Lair:2       Spider (0/4) Lair:2        Slime (0/5) Lair:4
    Orc (2/2) D:9             Elf (0/3) Orc:2

Altars:
Ashenzari
Cheibriados
Dithmenos
Elyvilon
Fedhas
Gozag
Hepliaklqana
Kikubaaqudgha
Makhleb
Nemelex Xobeh
Okawaru
Qazlal
Ru
Sif Muna
Trog
Uskayaw
Vehumet
Wu Jian
Xom
Yredelemnul
Zin
The Shining One
Jiyva

Shops:
D:3 (   D:4 =   D:5 *(   Orc:1 =   Orc:2 ((

Annotations:
D:5 2 transporters, dweek's ghost, novice TrFi


Innate Abilities, Weirdness & Mutations

You have very sharp teeth.
Your uncanny sense of smell can sniff out nearby items.
Your experience applies equally to all skills.


Message History

The ice devil barely misses you.
The orc high priest mumbles some strange prayers to Beogh.
The orc high priest closely misses you.
You closely miss the orc high priest.
The orc high priest is lightly wounded.
The ice devil hits you but does no damage.
The orc high priest hits you but does no damage.
The orc high priest mumbles some strange prayers to Beogh.
The orc priest begins to cast a cantrip, but forgets the words!
You slice the orc high priest!!
The orc high priest looks as sick as possible!
The orc high priest is moderately wounded.
The ice devil hits you! The ice devil freezes you. You resist.
The red devil closely misses you. The orc high priest closely misses you.
The orc high priest hits you but does no damage.
You completely miss the orc high priest.
The orc high priest is moderately wounded.
The ice devil hits you. The ice devil freezes you! You resist.
You closely miss the orc high priest.
The orc high priest is moderately wounded.
The orc high priest hits you with a +0 scimitar!
The orc high priest hits you with a +0 halberd.
You barely miss the orc high priest.
The orc high priest is heavily wounded.
The ice devil hits you!
* * * LOW HITPOINT WARNING * * *
The ice devil freezes you! You resist.
* * * LOW HITPOINT WARNING * * *
The orc high priest hits you with a +0 halberd!
* * * LOW HITPOINT WARNING * * *
The orc high priest says, "Right in the middle of my sermon, too."
The orc high priest misses you.
You slice the orc high priest!!
The orc high priest looks as sick as possible!
The orc high priest is severely wounded.
The ice devil hits you but does no damage.
The orc high priest calls down the wrath of Beogh upon you.
Beogh smites you!
You die...
Your body crumbles into a pile of gold.

.)[#.................#
))....................
......................
.#######.###.###.#######
.#.._ #.# #.# #.#....∩#
.#... #.###.###.#ooo..#
.#... #.........#..o.$#
.###'###.###.###4# .o4. #
.....)...# #.# #@###'###....
..8...8..# #.# #oooo........
.........###.###34##'###....
...............o4o#


oo. . .###.###.#######..# ...# #. #.# #..# ..∩# #. #.# #..# #### .. ... .... ...
..... You could see 2 orc high priests, a sun demon (summoned), 2 ice devils, a
red devil (summoned), an orc priest and 3 orcs.

Vanquished Creatures
  A dire elephant (Lair:5)
  Fannar (Lair:3)
  4 hydras
  3 catoblepae
  A boulder beetle (Lair:3)
  Erica (D:10)
  3 two-headed ogres
  A deep troll shaman (Lair:5)
  3 death yaks (Lair:5)
  4 orc high priests
  2 lindwurms (Lair:5)
  2 orc knights
  2 orc sorcerers
  2 cyclopes
  5 elephants (Lair:5)
  6 black mambas
  2 torpor snails (Lair:4)
  2 gargoyles
  11 cane toads
  4 komodo dragons
  6 rime drakes
  5 trolls
  3 polar bears
  7 blink frogs
  7 dream sheep (Lair:4)
  3 slime creatures (Lair:4)
  A snapping turtle (Lair:2)
  3 jumping spiders (Lair:2)
  2 wyverns
  3 culicivoras (Lair:2)
  2 wraiths
  32 yaks
  5 basilisks
  3 steam dragons
  A redback (Lair:2)
  5 wargs
  11 water moccasins
  5 ice beasts
  15 orc warriors
  A sky beast (D:6)
  7 ogres
  13 wolves
  3 black bears
  3 centaurs
  A phantom (D:5)
  2 kobold brigands
  5 bullfrogs
  2 necrophages
  9 scorpions
  A gnoll sergeant (D:9)
  5 wights (D:7)
  13 killer bees
  8 electric eels
  3 howler monkeys
  2 jellies
  25 orc priests
  7 hounds
  A gnoll bouda (Lair:5)
  Crazy Yiuf (D:3)
  3 iguanas
  10 orc wizards
  8 hell rats
  18 gnolls
  8 adders
  3 white imps (D:8)
  2 worms (D:4)
  2 dart slugs
  53 orcs
  5 endoplasms
  2 giant cockroaches (D:1)
  12 goblins
  4 hobgoblins (D:1)
  8 jackals
  4 quokkas
  8 ball pythons
  8 bats
  2 frilled lizards (D:1)
  16 kobolds
  4 rats
471 creatures vanquished.

Vanquished Creatures (collateral kills)
  A death yak (Lair:5)
1 creature vanquished.

Vanquished Creatures (others)
  14 fungi
  33 plants
47 creatures vanquished.

Grand Total: 519 creatures vanquished

Notes
Turn   | Place    | Note
-------+----------+-------------------------------------------
     0 | D:1      | Armakuni the Gnoll Gladiator began the quest for the Orb.
     0 | D:1      | Reached XP level 1. HP: 20/20 MP: 1/1
    76 | D:1      | Reached XP level 2. HP: 17/26 MP: 2/2
   238 | D:1      | Reached XP level 3. HP: 31/31 MP: 2/4
   247 | D:1      | Reached skill level 1 in Invocations
   586 | D:1      | Reached skill level 1 in Short Blades
   586 | D:1      | Reached skill level 1 in Long Blades
   586 | D:1      | Reached skill level 1 in Axes
   586 | D:1      | Reached skill level 1 in Maces & Flails
   586 | D:1      | Reached skill level 1 in Polearms
   586 | D:1      | Reached skill level 1 in Ranged Weapons
   586 | D:1      | Reached skill level 1 in Armour
   586 | D:1      | Reached skill level 1 in Stealth
   586 | D:1      | Reached skill level 1 in Shields
   586 | D:1      | Reached skill level 1 in Unarmed Combat
   586 | D:1      | Reached skill level 1 in Spellcasting
   586 | D:1      | Reached skill level 1 in Evocations
   881 | D:2      | Found a faded altar of an unknown god.
   893 | D:2      | Reached XP level 4. HP: 38/38 MP: 5/5
  1434 | D:3      | Found Zeziseak's Antique Weapon Boutique.
  1508 | D:3      | Reached skill level 1 in Conjurations
  1508 | D:3      | Reached skill level 1 in Hexes
  1508 | D:3      | Reached skill level 1 in Summonings
  1508 | D:3      | Reached skill level 1 in Necromancy
  1508 | D:3      | Reached skill level 1 in Translocations
  1508 | D:3      | Reached skill level 1 in Transmutations
  1508 | D:3      | Reached skill level 1 in Fire Magic
  1508 | D:3      | Reached skill level 1 in Ice Magic
  1508 | D:3      | Reached skill level 1 in Air Magic
  1508 | D:3      | Reached skill level 1 in Earth Magic
  1508 | D:3      | Reached skill level 1 in Poison Magic
  1567 | D:3      | Reached XP level 5. HP: 33/43 MP: 5/7
  1987 | D:3      | Found a runed translucent door.
  1988 | D:3      | Noticed Crazy Yiuf
  1997 | D:3      | Killed Crazy Yiuf
  2475 | D:4      | Reached XP level 6. HP: 31/50 MP: 8/8
  2553 | D:4      | Found Soch's Jewellery Boutique.
  2566 | D:4      | Learned a level 1 spell: Slow
  2649 | D:4      | Reached skill level 5 in Fighting
  2649 | D:4      | Reached skill level 5 in Throwing
  3139 | D:4      | Found a staircase to the Ecumenical Temple.
  3145 | Temple   | Entered the Ecumenical Temple
  3238 | Temple   | Became a worshipper of Gozag Ym Sagoz the Greedy
  3409 | D:4      | Noticed a water moccasin
  3419 | D:4      | Killed a water moccasin
  3475 | D:5      | Entered Level 5 of the Dungeon
  3475 | D:5      | Found Lumn's Assorted Antiques.
  3488 | D:5      | Bought 2 viscous purple potions for 36 gold pieces
  3488 | D:5      | Bought a metallic green potion for 18 gold pieces
  3488 | D:5      | Bought a lumpy black potion for 18 gold pieces
  3488 | D:5      | Bought a scroll labelled FOAWES CIATS for 20 gold pieces
  3488 | D:5      | Bought a silver wand for 80 gold pieces
  3555 | D:5      | Reached XP level 7. HP: 52/56 MP: 10/10
  3631 | D:5      | Noticed dweek's ghost (novice TrFi)
  3633 | D:5      | Noticed a two-headed ogre
  3635 | D:5      | Found a transporter.
  3734 | D:5      | Identified a scroll of acquirement
  3735 | D:5      | Acquired 1057 gold pieces
  3822 | D:5      | Found a transporter.
  4035 | D:5      | Reached XP level 8. HP: 63/63 MP: 12/12
  4627 | D:6      | Found a broken altar of Ashenzari.
  4631 | D:6      | Found a white marble altar of Elyvilon.
  4631 | D:6      | Found a shimmering blue altar of Sif Muna.
  4748 | D:5      | Bought a glowing lajatang for 558 gold pieces
  4929 | D:6      | Noticed a gargoyle
  4938 | D:6      | Killed a gargoyle
  4939 | D:6      | Reached XP level 9. HP: 58/69 MP: 13/15
  5064 | D:6      | Found a transporter.
  5248 | D:6      | Found a transporter.
  5489 | D:6      | Reached skill level 5 in Invocations
  5665 | D:7      | Upgraded the game from 0.30-a0-389-g8d7d949f56 to
                  | 0.30-a0-390-g80c34de65d
  6000 | D:7      | Reached skill level 5 in Short Blades
  6000 | D:7      | Reached skill level 5 in Long Blades
  6000 | D:7      | Reached skill level 5 in Axes
  6000 | D:7      | Reached skill level 5 in Maces & Flails
  6000 | D:7      | Reached skill level 5 in Polearms
  6000 | D:7      | Reached skill level 5 in Ranged Weapons
  6000 | D:7      | Reached skill level 5 in Armour
  6000 | D:7      | Reached skill level 5 in Stealth
  6000 | D:7      | Reached skill level 5 in Shields
  6000 | D:7      | Reached skill level 5 in Unarmed Combat
  6000 | D:7      | Reached skill level 5 in Spellcasting
  6000 | D:7      | Reached skill level 5 in Evocations
  6000 | D:7      | Reached XP level 10. HP: 57/77 MP: 17/17
  6148 | D:7      | Found a burning altar of Makhleb.
  7214 | D:9      | Noticed a two-headed ogre
  7226 | D:9      | Killed a two-headed ogre
  8237 | D:9      | Found a staircase to the Orcish Mines.
  8358 | D:9      | Noticed a two-headed ogre
  8382 | D:9      | Killed a two-headed ogre
  8383 | D:9      | Reached skill level 5 in Conjurations
  8383 | D:9      | Reached skill level 5 in Hexes
  8383 | D:9      | Reached skill level 5 in Summonings
  8383 | D:9      | Reached skill level 5 in Necromancy
  8383 | D:9      | Reached skill level 5 in Translocations
  8383 | D:9      | Reached skill level 5 in Transmutations
  8383 | D:9      | Reached skill level 5 in Fire Magic
  8383 | D:9      | Reached skill level 5 in Ice Magic
  8383 | D:9      | Reached skill level 5 in Air Magic
  8383 | D:9      | Reached skill level 5 in Earth Magic
  8383 | D:9      | Reached skill level 5 in Poison Magic
  8383 | D:9      | Reached XP level 11. HP: 52/85 MP: 18/20
  8637 | D:4      | Bought the ring "Keuffe" {rF+ rC+ Will+} for 624 gold
                  | pieces
  8857 | D:10     | Entered Level 10 of the Dungeon
  8883 | D:10     | Noticed a two-headed ogre
  8891 | D:10     | Killed a two-headed ogre
  9259 | D:10     | Found a staircase to the Lair.
  9713 | D:11     | Noticed a cyclops
  9743 | D:11     | Noticed Erica
  9749 | D:10     | Killed a cyclops
  9813 | D:10     | Killed Erica
 10185 | Lair:1   | Entered Level 1 of the Lair of Beasts
 10483 | Lair:1   | Acquired the amulet "Vumi" {rPois Will+ Regen+ Str+2 Int-5}
 11059 | Lair:2   | Reached XP level 12. HP: 74/94 MP: 22/22
 11346 | Lair:2   | Found a staircase to the Shoals.
 11368 | Lair:2   | Noticed a catoblepas
 11374 | Lair:2   | Killed a catoblepas
 11673 | Lair:2   | Found a dark tunnel.
 11797 | Lair:2   | Found a hole to the Spider Nest.
 12008 | Lair:3   | Found a transporter.
 12010 | Lair:3   | Found a transporter.
 12010 | Lair:3   | Noticed a boulder beetle
 12034 | Lair:3   | Reached skill level 10 in Staves
 12034 | Lair:3   | Reached skill level 10 in Dodging
 12181 | Lair:3   | Noticed a four-headed hydra
 12185 | Lair:3   | Killed a four-headed hydra
 12286 | Lair:3   | Noticed Fannar
 12302 | Lair:3   | Killed Fannar
 12732 | Lair:3   | Killed a boulder beetle
 13074 | Lair:4   | Found a viscous altar of Jiyva.
 13075 | Lair:4   | Found a staircase to the Slime Pits.
 13192 | Lair:4   | Reached XP level 13. HP: 97/101 MP: 25/25
 13388 | Lair:4   | Found the +4 skin of Zhor {*Englaciate rC+++ SInv}
 14075 | Lair:5   | Entered Level 5 of the Lair of Beasts
 14713 | Lair:5   | Reached skill level 10 in Fighting
 14713 | Lair:5   | Reached skill level 10 in Throwing
 15196 | Lair:5   | Reached skill level 10 in Invocations
 15196 | Lair:5   | Reached XP level 14. HP: 52/110 MP: 27/27
 15204 | Lair:5   | Noticed a dire elephant
 15213 | Lair:5   | Killed a dire elephant
 15705 | Orc:1    | Entered Level 1 of the Orcish Mines
 15880 | Orc:1    | Found Exzael's Jewellery Emporium.
 16106 | Orc:2    | Entered Level 2 of the Orcish Mines
 16204 | Orc:2    | Found a staircase to the Elven Halls.
 16837 | Orc:2    | Found Ymaerah's Weapon Shoppe.
 16851 | Orc:2    | Found Litt's Weapon Boutique.
 16957 | Orc:2    | Killed from afar by an orc high priest

Illustrated notes

Levels and vault maps discovered:
D:1:      lightli_arrival_noodles, layout_basic
D:2:      layout_loops_cross, hellmonk_ecumenical_altar_pennies_from_heaven,
          chequers_serial_rivers_small_b, minmay_tripent
D:3:      layout_loops_ring, serial_shops, nicolae_shop_trees,
          serial_bayou_lagoon_a, solitary_fountain, uniq_crazy_yiuf_cottage
D:4:      layout_layer_cave, minmay_temple_entry_gardened_gates, serial_shops,
          shop
D:5:      layout_basic, gammafunk_ghost_arena, serial_shops,
          nicolae_shop_hallway_stairs
D:6:      gammafunk_cloud_chamber, layout_rooms, grunt_temple_overflow_open
D:7:      layout_rooms, lemuel_round_altar, grunt_ministairs_1
D:8:      layout_gridville
D:9:      layout_irregular_city, orc_0_dummy
D:10:     layout_gridville, erik_lair_island
D:11:     layout_loops_ring, item_on_display_a, uniq_erica, uniq_erolcha
Temple:   compressed_dpeg_circular_temple
Lair:1:   layout_loops_ring
Lair:2:   layout_chaotic_city, minmay_shoals_entry_hut,
          nicolae_spider_entry_tight_spaces, nicolae_volcano_entry_s_turn,
          grunt_forest_small_clearings
Lair:3:   gammafunk_boulding_lane, layout_misc_corridors, uniq_fannar
Lair:4:   layout_cave_pods, minmay_slime_entry_pillars,
          nicolae_quartered_pool_medium, nicolae_lair_lil_pond,
          chequers_serial_rivers_micro_d, chequers_serial_rivers_room_a,
          hellmonk_guarded_unrand_zhor, infiniplex_staircase_pool
Lair:5:   grunt_lair_end_beastmaster, layout_gridlike, dreamdust_gnoll_shepherd
Orc:1:    layout_caves, serial_shops, nicolae_shop_hallway_stairs,
          library_closet, uniq_snorg
Orc:2:    st_orc_town, layout_caves

Skill      XL: |  1  2  3  4  5  6  7  8  9 10 11 12 13 14 |
---------------+-------------------------------------------+-----
Invocations    | 1 2 3 4 5 6 7 8 10 | 10.5
Short Blades   | 1 2 3 4 5 6 7 8 9 |  9.6
Long Blades    | 1 2 3 4 5 6 7 8 9 |  9.6
Axes           | 1 2 3 4 5 6 7 8 9 |  9.6
Maces & Flails | 1 2 3 4 5 6 7 8 9 |  9.6
Polearms       | 1 2 3 4 5 6 7 8 9 |  9.6
Ranged Weapons | 1 2 3 4 5 6 7 8 9 |  9.6
Armour         | 1 2 3 4 5 6 7 8 9 |  9.6
Stealth        | 1 2 3 4 5 6 7 8 9 |  9.6
Shields        | 1 2 3 4 5 6 7 8 9 |  9.6
Unarmed Combat | 1 2 3 4 5 6 7 8 9 |  9.6
Spellcasting   | 1 2 3 4 5 6 7 8 9 |  9.6
Evocations     | 1 2 3 4 5 6 7 8 9 |  9.6
Conjurations   | 1 2 3 4 5 6 7 8 |  8.0
Hexes          | 1 2 3 4 5 6 7 8 |  8.0
Summonings     | 1 2 3 4 5 6 7 8 |  8.0
Necromancy     | 1 2 3 4 5 6 7 8 |  8.0
Translocations | 1 2 3 4 5 6 7 8 |  8.0
Transmutations | 1 2 3 4 5 6 7 8 |  8.0
Fire Magic     | 1 2 3 4 5 6 7 8 |  8.0
Ice Magic      | 1 2 3 4 5 6 7 8 |  8.0
Air Magic      | 1 2 3 4 5 6 7 8 |  8.0
Earth Magic    | 1 2 3 4 5 6 7 8 |  8.0
Poison Magic   | 1 2 3 4 5 6 7 8 |  8.0
Fighting       | 5 6 7 8 9 10 | 10.7
Throwing       | 5 6 7 8 9 10 | 10.7
Staves         | 7 8 9 10 11 | 11.6
Dodging        | 7 8 9 10 11 | 11.6

Action                   |  1- 3 |  4- 6 |  7- 9 | 10-12 | 13-15 || total
-------------------------+-------+-------+-------+-------+-------++-------
Melee: Quarterstaff      |   114 |   130 |   128 |       |       ||   372
       Bite              |    12 |    11 |    28 |    62 |   100 ||   213
       Lajatang          |       |       |   105 |   509 |   642 ||  1256
Throw: Throwing net      |       |     2 |       |     2 |       ||     4
       Boomerang         |       |       |       |     4 |    18 ||    22
       Dart              |       |       |       |     2 |       ||     2
 Cast: Slow              |       |       |       |     2 |       ||     2
Invok: Call Merchant     |       |       |     1 |       |       ||     1
Evoke: Wand              |       |       |     2 |    18 |    18 ||    38
       Box of beasts     |       |       |       |       |     1 ||     1
  Use: Scroll            |     3 |     5 |     3 |    16 |     6 ||    33
       Potion            |       |       |     4 |     2 |     1 ||     7
 Stab: Sleeping          |     1 |       |     2 |     3 |       ||     6
       Distracted        |       |       |     2 |     3 |    10 ||    15
       Held in net/web   |       |       |       |     2 |       ||     2
Armor: Leather armour    |    23 |       |    23 |    77 |       ||   123
       Ring mail         |    11 |    39 |     9 |       |       ||    59
       Scale mail        |       |       |    70 |       |       ||    70
       Chain mail        |       |       |       |   113 |   354 ||   467
Dodge: Dodged            |    77 |    70 |   132 |   351 |   362 ||   992
Block: Other             |       |       |       |    27 |       ||    27
       Reflection        |       |       |       |     5 |       ||     5

Table legend: (Time is in decaauts)
 A = Elapsed time spent in this place.
 B = Non-inter-level travel time spent in this place.
 C = Inter-level travel time spent in this place.
 D = Time resting spent in this place.
 E = Time spent auto-exploring this place.
 F = Levels seen in this place.
 G = Mean time per level.
                   A        B        C        D        E       F      G
               +--------+--------+--------+--------+--------+-----+--------+
         Total |  16870 |  15707 |   1163 |   1843 |   9196 |  19 |  887.9 |
       Dungeon |  10148 |   9354 |    794 |   1163 |   5850 |  11 |  922.5 |
        Temple |    113 |     94 |     19 |      0 |     58 |   1 |  113.0 |
          Lair |   5423 |   5089 |    334 |    452 |   2829 |   5 | 1084.6 |
  Orcish Mines |   1184 |   1170 |     14 |    228 |    458 |   2 |  592.0 |
               +--------+--------+--------+--------+--------+-----+--------+

Top non-repeatable levels by time:
  Lair:4: 1454 daAuts
     D:9: 1423 daAuts
  Lair:5: 1328 daAuts
     D:5: 1287 daAuts
     D:8: 1145 daAuts
    D:10: 1117 daAuts
     D:4: 1113 daAuts
  Lair:2: 992 daAuts
     D:6: 988 daAuts
     D:3: 982 daAuts
  Lair:1: 865 daAuts
  Lair:3: 782 daAuts
     D:1: 779 daAuts
     D:2: 618 daAuts
   Orc:2: 595 daAuts
